 Dungeon Crawl Stone Soup version 0.31-a0-854-g362426d53f (webtiles) character file.

Game seed: 144123418691533890

1967 Fodor the Protected (level 9, -7/72 (75) HPs)
             Began as a Minotaur Fighter on Oct 7, 2023.
             Was an Initiate of Gozag.
             Mangled by a boulder beetle (17 damage)
             ... on level 7 of the Dungeon on Oct 8, 2023.
             The game lasted 00:34:25 (6329 turns).

Fodor the Protected (Minotaur Fighter)              Turns: 6329, Time: 00:34:25

HP:   -7/72 (75)    AC: 18    Str: 24    XL:     9   Next: 0%
MP:   26/26         EV:  7    Int:  5    God:    Gozag
Gold: 265           SH:  5    Dex: 13    Spells: 8/8 levels left

rFire   + + .        y - +0 flail
rCold   . . .        J - orb of Hedge Wizardry {guile, +Blink Int-3 Dex+2}
rNeg    . . .        a - +5 plate armour of Beogh's Esteem {rF+ MP+9 Int+3}
rPois   .            (helmet currently unavailable)
rElec   .            (cloak currently unavailable)
rCorr   .            (gloves currently unavailable)
SInv    .            (boots currently unavailable)
Will    .....        l - amulet of reflection Stlth
                     b - ring of protection from fire
HPRegen 0.32/turn    f - ring of magical power
MPRegen 0.20/turn

%: reflection
@: beast-form, lightly drained
A: beast (slay +1), horns 2, retaliatory headbutt
a: Begin Untransformation, Renounce Religion, Evoke Blink, Potion Petition, Call
Merchant, Bribe Branch


You were on level 7 of the Dungeon.
You worshipped Gozag.
Gozag was aware of your devotion.
You were a hulking beast.
You visited 2 branches of the dungeon, and saw 8 of its levels.
You also visited: Sewer.

You collected 712 gold pieces.
You spent 379 gold pieces at shops.
You paid 68 gold pieces to Gozag.

Inventory:

Hand Weapons
 y - a +0 flail (weapon)
 M - a +0 orcbow
 N - a +0 war axe
 O - a +0 halberd
Missiles
 C - 3 poisoned darts (quivered)
 H - a boomerang
Armour
 a - the +5 plate armour of Beogh's Esteem (worn) {rF+ MP+9 Int+3}
   (You found it on level 5 of the Dungeon)

   Int+3:     It affects your intelligence (+3).
   rF+:       It protects you from fire.
   MP+9:      It affects your magic capacity (+9).
 c - a +0 buckler
 E - a scarf of repulsion
 G - a +1 hat
 I - a +2 pair of boots
 J - the orb of Hedge Wizardry (worn) {guile, +Blink Int-3 Dex+2}
   (You found it on level 6 of the Dungeon)

   Int-3:     It affects your intelligence (-3).
   Dex+2:     It affects your dexterity (+2).
   +Blink:    It lets you blink.
Jewellery
 b - a ring of protection from fire (left hand)
 f - a ring of magical power (right hand)
 l - an amulet of reflection (around neck)
 K - an amulet of the acrobat
Talismans
 s - a beast talisman (active)
Wands
 e - a wand of mindburst (13)
Scrolls
 i - 3 scrolls of amnesia
 j - a scroll of fog
 k - a scroll of fear
 m - a scroll of immolation {unknown}
 n - 4 scrolls of teleportation
 q - a scroll of summoning {unknown}
 t - 3 scrolls of revelation
 w - a scroll of enchant weapon {unknown}
 x - 2 scrolls of poison
 z - a scroll of blinking {unknown}
 B - a scroll of torment {unknown}
 P - a scroll of acquirement {unknown}
Potions
 d - 4 potions of might
 g - a potion of heal wounds {unknown}
 h - 3 potions of enlightenment {unknown}
 o - a potion of attraction {unknown}
 p - 2 potions of haste {unknown}
 r - a potion of ambrosia {unknown}
 u - 2 potions of curing {unknown}
 v - a potion of berserk rage {unknown}
 A - 2 potions of invisibility {unknown}
 D - 3 potions of cancellation {unknown}
 F - 2 potions of magic {unknown}
 L - a potion of brilliance {unknown}


   Skills:
 + Level 6.1 Fighting
 + Level 4.5 Long Blades
 + Level 7.0 Maces & Flails
 + Level 8.1 Armour
 + Level 1.0 Dodging
 + Level 6.6 Shields
 + Level 2.4 Shapeshifting


You had 8 spell levels left.
You didn't know any spells.
Your spell library contained the following spells:

 Spells                   Type           Power      Damage    Failure   Level
 Freeze                   Ice            0%         1d3       100%        1
 Blink                    Tloc           0%         N/A       100%        2
 Lesser Beckoning         Tloc           0%         N/A       100%        2
 Momentum Strike          Conj/Tloc      0%         3d8       100%        2
 Frozen Ramparts          Ice            0%         1d1       100%        3
 Gell's Gravitas          Tloc           0%         N/A       100%        3
 Hailstorm                Conj/Ice       0%         3d3       100%        3
 Inner Flame              Hex/Fire       0%         N/A       100%        3
 Teleport Other           Tloc           0%         N/A       100%        3
 Tukima's Dance           Hex            0%         N/A       100%        3
 Flame Wave               Conj/Fire      0%         2d4       100%        4
 Passage of Golubria      Tloc           0%         N/A       100%        4
 Sticky Flame             Conj/Fire      0%         2d3       100%        4
 Yara's Violent Unravell  Hex/Tmut       0%         3d3       100%        5


Dungeon Overview and Level Annotations

Branches:
Dungeon (7/15)             Temple (1/1) D:5           Sewer (visited)

Altars:
Ashenzari
Cheibriados
Elyvilon
Fedhas
Gozag
Hepliaklqana
Kikubaaqudgha
Makhleb
Okawaru
Qazlal
Ru
Sif Muna
Uskayaw
Vehumet
Xom
Zin
The Shining One

Shops:
D:1 :   D:5 [


Innate Abilities, Weirdness & Mutations

You are a hulking beast.
Your limbs bulge with bestial killing power. (Slay +1)
You have a pair of horns on your head.
You reflexively headbutt those who attack you in melee.


Message History

You block the boulder beetle's attack.
You hit the boulder beetle but do no damage.
The boulder beetle is heavily wounded.
The boulder beetle bites you!
You hit the boulder beetle.
The boulder beetle is heavily wounded.
You block the boulder beetle's attack.
You sock the boulder beetle!
The boulder beetle is severely wounded.
The boulder beetle barely misses you.
You hit the boulder beetle.
The boulder beetle is severely wounded.
The boulder beetle bites you but does no damage.
You hit the boulder beetle but do no damage.
The boulder beetle is severely wounded.
The boulder beetle bites you but does no damage.
You barely miss the boulder beetle.
The boulder beetle is severely wounded.
The boulder beetle bites you!
You thump the boulder beetle!
The boulder beetle is severely wounded.
The boulder beetle bites you.
You hit the boulder beetle but do no damage.
You headbutt the boulder beetle, but do no damage.
The boulder beetle is severely wounded.
The boulder beetle closely misses you. You furiously retaliate!
You headbutt the boulder beetle!
You hit the boulder beetle but do no damage.
The boulder beetle is almost dead.
The boulder beetle bites you!!
* * * LOW HITPOINT WARNING * * *
You hit the boulder beetle.
The boulder beetle is almost dead.
The boulder beetle bites you but does no damage.
You hit the boulder beetle but do no damage.
You headbutt the boulder beetle, but do no damage.
The boulder beetle is almost dead.
The boulder beetle bites you!
You die...
Your body crumbles into a pile of gold.

#...##'####
#####)##.
#.........#
#...[)###
#.........#
#.....#..
#.........#
#.....#..
#.........#
#.....#..
+...##...##
#.....#..
#...#####.#
##....#..
#...#.....#
######.#
#...'Bh..##
#..
#.).#.....#
#..
#...#.....+
#..
#...#.....#
#..
###########
#.. ###


You could see a boulder beetle.

Vanquished Creatures
  2 sky beasts (D:6)
  A centaur (D:7)
  A phantom (D:5)
  4 kobold brigands (Sewer)
  2 bullfrogs (D:6)
  3 scorpions
  5 wights (D:7)
  3 killer bees (D:6)
  4 jellies
  5 hounds
  2 orc priests
  2 iguanas
  3 orc wizards (D:6)
  A river rat (D:5)
  9 adders
  A white imp (D:7)
  An ufetubus (D:4)
  3 worms
  2 dart slugs
  14 orcs
  6 endoplasms
  5 giant cockroaches
  7 goblins
  3 hobgoblins (D:3)
  2 quokkas
  13 ball pythons
  7 bats
  4 frilled lizards
  22 kobolds
  3 rats
140 creatures vanquished.

Notes
Turn   | Place    | Note
-------+----------+-------------------------------------------
     0 | D:1      | Fodor the Minotaur Fighter began the quest for the Orb.
     0 | D:1      | Reached XP level 1. HP: 19/19 MP: 0/0
   205 | D:1      | Found Akhlit's Book Emporium.
   457 | D:1      | Reached XP level 2. HP: 27/27 MP: 1/1
  1426 | D:3      | Reached XP level 3. HP: 34/34 MP: 2/2
  1504 | D:3      | Reached skill level 4 in Armour
  1567 | D:3      | Found a white marble altar of Elyvilon.
  1567 | D:3      | Found a glowing silver altar of Zin.
  1660 | D:3      | Reached XP level 4. HP: 41/41 MP: 3/3
  1935 | D:3      | Found a broken altar of Ashenzari.
  1978 | D:3      | Found a glowing golden altar of the Shining One.
  2711 | D:4      | Reached XP level 5. HP: 47/47 MP: 4/4
  3091 | D:4      | Reached skill level 5 in Armour
  3311 | D:4      | Upgraded the game from 0.31-a0-851-g7ff8af7976 to
                  | 0.31-a0-854-g362426d53f
  3314 | D:5      | Entered Level 5 of the Dungeon
  3318 | D:5      | Identified the +5 plate armour of Beogh's Esteem {rF+ MP+9
                  | Int+3}
  3319 | D:5      | Found Illaadgh's Antique Armour Emporium.
  3371 | D:5      | Reached XP level 6. HP: 41/53 MP: 5/5
  3459 | D:5      | Reached skill level 1 in Maces & Flails
  3466 | D:5      | Found a staircase to the Ecumenical Temple.
  3492 | Temple   | Entered the Ecumenical Temple
  3499 | Temple   | Became a worshipper of Gozag Ym Sagoz the Greedy
  3588 | D:5      | Reached skill level 1 in Shapeshifting
  3854 | D:5      | Reached skill level 5 in Shields
  3854 | D:5      | Reached XP level 7. HP: 50/60 MP: 6/6
  3880 | D:5      | Found a glowing drain.
  3922 | Sewer    | Entered a sewer
  3985 | Sewer    | Reached skill level 5 in Fighting
  3985 | Sewer    | Reached skill level 6 in Armour
  4613 | D:5      | Bought a glowing hat for 161 gold pieces
  4613 | D:5      | Bought a leather armour for 46 gold pieces
  4615 | D:5      | Bought a pair of runed boots for 172 gold pieces
  4689 | D:5      | Found a snail-covered altar of Cheibriados.
  4966 | D:6      | Identified the orb of Hedge Wizardry {guile, +Blink Int-3
                  | Dex+2}
  4992 | D:6      | Found an iron altar of Okawaru.
  5121 | D:6      | Reached skill level 5 in Maces & Flails
  5121 | D:6      | Reached XP level 8. HP: 68/68 MP: 7/7
  5311 | D:6      | Reached skill level 1 in Dodging
  5334 | D:6      | Reached skill level 7 in Armour
  5438 | D:6      | Found a radiant altar of Vehumet.
  5898 | D:7      | Found a sacrificial altar of Ru.
  6083 | D:7      | Reached skill level 8 in Armour
  6083 | D:7      | Reached XP level 9. HP: 16/72 MP: 8/8
  6299 | D:7      | Noticed a boulder beetle
  6329 | D:7      | Mangled by a boulder beetle

Illustrated notes

Levels and vault maps discovered:
D:1:      heliophobic_arrival_henge, layout_rooms, serial_shops,
          nicolae_shop_rolling_square, chequers_serial_rivers_large_b,
          chequers_arboretum
D:2:      layout_basic, minmay_misc_feat_tower, columned_hall_lemuel
D:3:      layout_loops_cross, dreamdust_divine_triumvirate,
          mainiacjoe_overflow_surrounded_room, lexackson_kobold_supper
D:4:      layout_basic
D:5:      layout_basic, slow_altar_1, minmay_temple_entry_hall, serial_shops,
          shop, portal_sewer_entry_b
D:6:      layout_loops_ring, okawaru_ov_weapons_minmay, marbit_many_paths
D:7:      minmay_bubble_buster, layout_gridville,
          mainiacjoe_overflow_cross_hatched, uniq_joseph
Temple:   nicolae_temple_bog_church

Skill      XL: |  1  2  3  4  5  6  7  8 |
---------------+-------------------------+-----
Fighting       | 4 5 6 |  6.1
Long Blades    | 3 4 |  4.5
Armour         | 4 5 6 8 |  8.1
Shields        | 4 5 6 |  6.6
Maces & Flails | 2 5 7 |  7.0
Shapeshifting  | 1 2 |  2.4
Dodging        | 1 |  1.0

Action                     |  1- 3 |  4- 6 |  7- 9 || total
---------------------------+-------+-------+-------++-------
  Melee: Long sword        |    82 |    64 |       ||   146
         Headbutt          |     4 |    19 |    33 ||    56
         Flail             |       |    86 |   225 ||   311
    Use: Scroll            |       |       |     6 ||     6
   Stab: Distracted        |       |       |     1 ||     1
 Armour: Scale mail        |    56 |    41 |       ||    97
         Chain mail        |       |    31 |       ||    31
         Plate armour      |       |    47 |   242 ||   289
  Dodge: Dodged            |    42 |    63 |    66 ||   171
  Block: Buckler           |    51 |    84 |    84 ||   219
         Reflection        |       |     2 |     3 ||     5
         Orb               |       |       |    38 ||    38
   Form: Beast             |     1 |       |       ||     1

Table legend: (Time is in decaauts)
 A = Elapsed time spent in this place.
 B = Non-inter-level travel time spent in this place.
 C = Inter-level travel time spent in this place.
 D = Time resting spent in this place.
 E = Time spent auto-exploring this place.
 F = Levels seen in this place.
 G = Mean time per level.
                   A        B        C        D        E       F      G
               +--------+--------+--------+--------+--------+-----+--------+
         Total |   6518 |   6317 |    201 |    618 |      0 |   9 |  724.2 |
       Dungeon |   5919 |   5718 |    201 |    460 |      0 |   7 |  845.6 |
        Temple |     15 |     15 |      0 |      0 |      0 |   1 |   15.0 |
         Sewer |    583 |    583 |      0 |    158 |      0 |   1 |  583.0 |
               +--------+--------+--------+--------+--------+-----+--------+

Top non-repeatable levels by time:
     D:4: 1098 daAuts
     D:5: 1081 daAuts
     D:6: 920 daAuts
     D:3: 865 daAuts
     D:2: 855 daAuts
   Sewer: 583 daAuts
     D:1: 575 daAuts
     D:7: 523 daAuts
  Temple: 15 daAuts
